 Dungeon Crawl Stone Soup version 0.21-a0-404-g291f19a (webtiles) character file.

277 tilp the Magician (level 6, 0/51 HPs)
             Began as a Deep Elf Fire Elementalist on Oct 29, 2017.
             Killed from afar by a gnoll (15 damage)
             ... with a wand of lightning (?/15)
             ... on level 3 of the Dungeon.
             The game lasted 00:11:16 (2806 turns).

tilp the Magician (Deep Elf Fire Elementalist)      Turns: 2806, Time: 00:11:16

Health: 0/51       AC: 23    Str:  5    XL:     6   Next: 4%
Magic:  0/16       EV:  2    Int: 22    God:
Gold:   113        SH:  0    Dex: 15    Spells: 6/16 levels left

rFire    . . .     SeeInvis .   a - +1 dagger (elec)
rCold    . . .     Gourm    .   (no shield)
rNeg     + + +     Faith    .   (armour currently unavailable)
rPois    +         Spirit   .   (helmet currently unavailable)
rElec    .         Reflect  .   (cloak currently unavailable)
rCorr    .         Harm     .   (gloves currently unavailable)
MR       .....     NoTele   +   (boots currently unavailable)
Stlth    ++........             (no amulet)
HPRegen  0.17/turn              (no ring)
MPRegen  0.15/turn              (no ring)

@: tree-form
A: no striking features
a: no special abilities


You were on level 3 of the Dungeon.
You were not hungry.
You were a tree.
You visited 1 branch of the dungeon, and saw 3 of its levels.
You also visited: Sewer.

You collected 113 gold pieces.

Inventory:

Hand Weapons
 a - a +1 dagger of electrocution (weapon)
Missiles
 l - 100 stones
 s - 7 tomahawks (quivered)
Armour
 o - a +0 robe
 t - a +1 leather armour of cold resistance (melded)
 y - a +0 pair of boots (melded)
Jewellery
 g - an uncursed ring of positive energy {unknown}
 i - an uncursed ring of ice
 p - an uncursed amulet of guardian spirit
Wands
 w - a wand of paralysis (17/24)
Scrolls
 e - a scroll of teleportation
 h - 3 scrolls of remove curse
Potions
 f - 2 potions of heal wounds
 k - 3 potions of might
 n - a potion of mutation
 q - 2 potions of agility
 r - a potion of berserk rage
 u - 3 potions of curing
 x - a potion of flight {unknown}
Books
 b - a book of Flames

   Spells                             Type                      Level
   a - Flame Tongue                   Conjuration/Fire             1
   b - Throw Flame                    Conjuration/Fire             2
   c - Conjure Flame                  Conjuration/Fire             3
   d - Inner Flame                    Hexes/Fire                   3
   e - Sticky Flame                   Conjuration/Fire             4
   f - Fireball                       Conjuration/Fire             5
Comestibles
 c - 3 bread rations
 d - 2 meat rations
 j - 6 chunks of flesh
 m - 4 fruits


   Skills:
 + Level 1.5 Fighting
 - Level 2.4 Dodging
 - Level 2.4 Stealth
 * Level 5.8 Spellcasting
 + Level 3.9 Conjurations
 - Level 4.0 Fire Magic


You had 6 spell levels left.
You knew the following spells:

 Your Spells              Type           Power        Failure   Level  Hunger
a - Flame Tongue          Conj/Fire      ###..        1%          1    None
b - Throw Flame           Conj/Fire      ###...       2%          2    None
c - Conjure Flame         Conj/Fire      ###.....     5%          3    ##.....
d - Sticky Flame          Conj/Fire      ###.....     19%         4    ####...


Dungeon Overview and Level Annotations

Branches:
Dungeon (3/15)

Altars:


Message History

The gnoll hits you with a club.
* * * LOW HITPOINT WARNING * * *
A gnoll comes into view. It is wielding a flail.
You turn into a tree.
Your +0 pair of boots melds into your body.
Your +1 leather armour of cold resistance melds into your body.
You feel less resistant to cold.
Your roots penetrate the ground.
The gnoll shouts!
You hit the gnoll but do no damage. Lightning courses through the gnoll!
You kill the gnoll!
Casting: Flame Tongue
Confirm with . or Enter, or press ? or * to list all spells.
Aiming: Flame Tongue
Press: ? - help, Shift-Dir - straight line, f - gnoll
Aim: a gnoll, wielding a flail The flame tongue hits the gnoll.
The gnoll is heavily wounded.
The gnoll zaps a wand.
Helpless, you fail to dodge the bolt of lightning.
You die...

######.#.#############.#####.# #
# #.#.###### ######.#####.#### #
#.......)###................ #
#...####.##..###..####.#.### #
#......#.##.##g##.####.#....
######..#........#...#...##.#...#
............#..####'####..#.#...<
######........##.#)..#,##.#.#....
#.......g))♣')..+,,#.#)#...#
######....##..##.#...#,##.#,#....
...............####'####..#,###.*
##############...#...#...##,,,..,
*,,,,,,......##.##.##.#..#***##,
*,*****#####.*#..###..#..#*****,
*,* #.*##.....##..#,,,,,, **,***
#.* ########..#,***** ,,,,,*
**#.**** #..#,* *


You could see a gnoll.

Vanquished Creatures
  A big kobold (Sewer)
  5 gnolls
  6 adders
  A river rat (Sewer)
  An ooze (D:2)
  3 dart slugs
  2 leopard geckos (D:3)
  A ball python (D:2)
  8 bats
  5 giant cockroaches
  11 hobgoblins
  3 jackals (D:2)
  2 quokkas
  2 frilled lizards (D:2)
  9 goblins
  10 kobolds
  17 rats
87 creatures vanquished.

Notes
Turn   | Place    | Note
-------+----------+-------------------------------------------
     0 | D:1      | tilp the Deep Elf Fire Elementalist began the quest for the Orb.
     0 | D:1      | Reached XP level 1. HP: 10/10 MP: 6/6
   300 | D:1      | Reached XP level 2. HP: 15/15 MP: 5/8
   304 | D:1      | Learned a level 2 spell: Throw Flame
  1080 | D:2      | Reached XP level 3. HP: 19/19 MP: 3/10
  1387 | D:2      | Reached skill level 4 in Spellcasting
  1387 | D:2      | Reached XP level 4. HP: 24/24 MP: 1/12
  2085 | D:3      | Found a glowing drain.
  2092 | Sewer    | Entered a sewer
  2328 | Sewer    | Noticed a big kobold
  2329 | Sewer    | Reached XP level 5. HP: 28/28 MP: 12/14
  2354 | Sewer    | Learned a level 4 spell: Sticky Flame
  2360 | Sewer    | Reached skill level 1 in Fighting
  2360 | Sewer    | Reached skill level 5 in Spellcasting
  2366 | Sewer    | Learned a level 3 spell: Conjure Flame
  2777 | D:3      | Reached XP level 6. HP: 33/34 MP: 3/16
  2806 | D:3      | Killed from afar by a gnoll

Vault maps used:
D:1:      minmay_arrival_four_circles, serial_forest,
          infiniplex_forest_clump_small, infiniplex_forest_lined_room_2,
          infiniplex_forest_diagonal, infiniplex_forest_lined_corner,
          infiniplex_forest_straight_4, infiniplex_forest_clump_medium,
          infiniplex_forest_clump_diagonal, infiniplex_forest_lined_room_,
          infiniplex_forest_straight_5, minmay_distorted
D:2:      hangedman_feature_mirror, minmay_pentomino_s2
D:3:      cheibrodos_greedy_goblins, gammafunk_temple_overflow_elements,
          gup_sewer_entry_bowl
Sewer:    sewer_minmay_treatment

Skill      XL: |  1  2  3  4  5 |
---------------+----------------+-----
Conjurations   | 2 3 |  3.9
Spellcasting   | 4 5 |  5.8
Fire Magic     | 4 |  4.0
Fighting       | 1 |  1.5
Dodging        | |  2.4
Stealth        | |  2.4

Action                   |  1- 3 |  4- 6 || total
-------------------------+-------+-------++-------
Melee: Club              |     1 |       ||     1
       Hand axe          |     7 |       ||     7
       Dagger            |     4 |    12 ||    16
 Cast: Flame Tongue      |    56 |    87 ||   143
       Throw Flame       |     8 |     6 ||    14
       Sticky Flame      |       |     1 ||     1
  Use: Scroll            |     6 |     6 ||    12
       Potion            |       |     1 ||     1
 Stab: Sleeping          |       |     1 ||     1
  Eat: Chunk             |     2 |     3 ||     5
       Royal jelly       |       |     1 ||     1
Armor: Robe              |     5 |       ||     5
       Leather armour    |     6 |    11 ||    17
Dodge: Dodged            |    25 |    28 ||    53

Table legend:
 A = Spawn XP
 B = Non-spawn XP
 C = Spawn XP percentage of total XP
 D = Spawn monster count
 E = Non-spawn monster count
 F = Spawn count percentage of total count
 G = Total turns spent on level
                    A         B        C        D         E        F      G
               +---------+---------+-------+---------+---------+-------+---------
         Total |       0 |     397 |   0.0 |       0 |      87 |   0.0 |  2806
               +---------+---------+-------+---------+---------+-------+---------
           D:1 |       0 |      31 |   0.0 |       0 |      19 |   0.0 |  1061
           D:2 |       0 |     129 |   0.0 |       0 |      29 |   0.0 |   958
           D:3 |       0 |     105 |   0.0 |       0 |      25 |   0.0 |   440
         Sewer |       0 |     132 |   0.0 |       0 |      14 |   0.0 |   347
               +---------+---------+-------+---------+---------+-------+---------
